 Dungeon Crawl Stone Soup version 0.28.0 (webtiles) character file.

Game seed: 12621204571356699495

353 brinewave the Skirmisher (level 6, -1/57 HPs)
             Began as a Minotaur Berserker on Feb 19, 2022.
             Was a Believer of Trog.
             Slain by PaxSuburbia's ghost (8 damage)
             ... on level 4 of the Dungeon.
             The game lasted 00:10:37 (3435 turns).

brinewave the Skirmisher (Minotaur Berserker)       Turns: 3435, Time: 00:10:38

Health: -1/57      AC:  9    Str: 23    XL:     6   Next: 35%
Magic:  5/5        EV: 11    Int:  4    God:    Trog [**....]
Gold:   71         SH:  0    Dex: 10    Spells: 5/5 levels left

rFire   + . .      SeeInvis .   v - +0 war axe
rCold   . . .      Faith    .   (no shield)
rNeg    . . .      Spirit   .   c - +0 ring mail
rPois   .          Reflect  .   (helmet restricted)
rElec   .          Harm     .   (no cloak)
rCorr   +          Rampage  .   w - +2 pair of gloves
Will    .....                   (no boots)
Stlth   ..........              u - amulet of the acrobat
HPRegen 0.19/turn               d - ring of protection from fire
MPRegen 0.09/turn               i - ring of resist corrosion

@: lethally poisoned (-1 -> -21), on berserk cooldown, slowed, very slow
A: horns 2, retaliatory headbutt
a: Renounce Religion, Berserk, Trog's Hand


You were on level 4 of the Dungeon.
You worshipped Trog.
Trog was pleased with you.
You visited 1 branch of the dungeon, and saw 4 of its levels.

You collected 201 gold pieces.
You spent 130 gold pieces at shops.

Inventory:

Hand Weapons
 v - a +0 war axe (weapon)
Missiles
 a - 3 poisoned darts (quivered)
 f - 54 arrows
 l - 40 bolts
Armour
 c - a +0 ring mail (worn)
 w - a +2 pair of gloves (worn)
Jewellery
 d - a ring of protection from fire (left hand)
 i - a ring of resist corrosion (right hand)
 p - a ring of flight
 u - an amulet of the acrobat (around neck)
Scrolls
 b - a scroll of fog {unknown}
 g - 3 scrolls of identify
 h - 3 scrolls of fear
 j - a scroll of holy word {unknown}
 m - a scroll of magic mapping
 o - 2 scrolls of silence {unknown}
 q - 2 scrolls of teleportation {unknown}
 r - a scroll of amnesia {unknown}
 s - a scroll of enchant armour {unknown}
 t - a scroll of blinking {unknown}
 x - a scroll of enchant weapon {unknown}
Potions
 e - a potion of haste
 k - a potion of might
 n - 6 potions of curing


   Skills:
 + Level 5.8 Fighting
 + Level 5.8 Axes
 + Level 5.0 Armour
 - Level 2.1 Dodging


You had 5 spell levels left.
You didn't know any spells.
Your spell library was empty.

Dungeon Overview and Level Annotations

Branches:
Dungeon (4/15)
 Temple: D:4-7

Altars:
Gozag
Makhleb
Vehumet

Shops:
D:1 :(?   D:3 =

Annotations:
D:4 PaxSuburbia's ghost, novice PaFi


Innate Abilities, Weirdness & Mutations

You have a pair of horns on your head.
You reflexively headbutt those who attack you in melee.


Message History

PaxSuburbia's ghost is moderately damaged.
PaxSuburbia's ghost hits you.
You are poisoned.
You hit PaxSuburbia's ghost but do no damage.
You headbutt PaxSuburbia's ghost.
PaxSuburbia's ghost is moderately damaged.
You feel very sick. PaxSuburbia's ghost barely misses you.
You barely miss PaxSuburbia's ghost.
PaxSuburbia's ghost is moderately damaged.
You feel sick.
You closely miss PaxSuburbia's ghost. You headbutt PaxSuburbia's ghost!
PaxSuburbia's ghost is heavily damaged.
You feel sick. PaxSuburbia's ghost hits you.
You are more poisoned.
You slash PaxSuburbia's ghost!
PaxSuburbia's ghost is severely damaged.
You feel very sick. PaxSuburbia's ghost hits you!
You are more poisoned.
You hit PaxSuburbia's ghost but do no damage.
PaxSuburbia's ghost is severely damaged.
You are no longer berserk.
You are exhausted.
You feel yourself slow down.
You feel very sick.
PaxSuburbia's ghost hits you but does no damage.
You are lethally poisoned!
You hit PaxSuburbia's ghost.
PaxSuburbia's ghost is almost destroyed.
You feel extremely sick.
PaxSuburbia's ghost hits you but does no damage.
You are more poisoned.
PaxSuburbia's ghost hits you but does no damage.
You hit PaxSuburbia's ghost but do no damage.
PaxSuburbia's ghost is almost destroyed.
* * * LOW HITPOINT WARNING * * *
You feel extremely sick. PaxSuburbia's ghost hits you!
You die...

###..........#
..####.#...........
.................##
.....#.......####.
#######..###.#...!## #.
#.(..(#...#..#..#..###.
#.8...#...#.....#...#..
#...(.'...>.....#......
#(...W@................
#..(..'..#........#....
#(...(#..######.#####.#
#.....#.(.# #..# ###
#######.)## #... ..
#)># #.#.. ... #..#
....#. ..... ...##
........ ..


You could see PaxSuburbia's ghost.

Vanquished Creatures
  A necrophage (D:4)
  A bullfrog skeleton (D:4)
  Natasha (thrice) (D:2)
  A howler monkey skeleton (D:4)
  3 gnolls (D:4)
  6 adders
  An ufetubus (D:4)
  A worm (D:3)
  A dart slug (D:2)
  4 orcs
  6 bats
  5 endoplasms
  A giant cockroach (D:1)
  4 goblins
  9 hobgoblins
  2 jackals (D:1)
  4 quokkas
  5 ball pythons
  2 frilled lizards (D:3)
  4 kobolds
  8 rats
72 creatures vanquished.

Notes
Turn   | Place    | Note
-------+----------+-------------------------------------------
     0 | D:1      | brinewave the Minotaur Berserker began the quest for the
                  | Orb.
     0 | D:1      | Reached XP level 1. HP: 19/19 MP: 0/0
    32 | D:1      | Found Kuhaeph's Antique Weapon Boutique.
   186 | D:1      | Found a faded altar of an unknown god.
   266 | D:1      | Found Bakkovot's Magic Scroll Shoppe.
   279 | D:1      | Reached XP level 2. HP: 21/27 MP: 1/1
   340 | D:1      | Bought a scroll of identify for 20 gold pieces
   340 | D:1      | Bought a scroll of identify for 20 gold pieces
   340 | D:1      | Bought a scroll of identify for 20 gold pieces
   340 | D:1      | Bought a scroll of fear for 35 gold pieces
   681 | D:1      | Found Azaigagg's Weapon Boutique.
   744 | D:1      | Bought a scroll of magic mapping for 35 gold pieces
   846 | D:1      | Found Saunlo's Book Emporium.
   943 | D:2      | Reached XP level 3. HP: 33/33 MP: 2/2
   984 | D:2      | Noticed Natasha
   993 | D:2      | Killed Natasha
  1259 | D:2      | Reached XP level 4. HP: 34/41 MP: 3/3
  1415 | D:2      | You fall into a shaft and drop 1 floor!
  1436 | D:3      | Reached ** piety under Trog
  1612 | D:3      | Found a burning altar of Makhleb.
  1612 | D:3      | Found a radiant altar of Vehumet.
  1620 | D:3      | Found a faded altar of an unknown god.
  1622 | D:3      | Found a faded altar of an unknown god.
  1624 | D:3      | Found an opulent altar of Gozag.
  1911 | D:3      | Found Wusotadd's Jewellery Emporium.
  1960 | D:2      | Noticed Natasha
  1964 | D:2      | Killed Natasha
  1981 | D:2      | Reached skill level 5 in Fighting
  1981 | D:2      | Reached XP level 5. HP: 23/48 MP: 4/4
  1983 | D:2      | Reached skill level 5 in Axes
  2053 | D:2      | Noticed Natasha
  2058 | D:2      | Killed Natasha
  3282 | D:4      | Noticed a necrophage
  3303 | D:4      | Killed a necrophage
  3304 | D:4      | Reached XP level 6. HP: 57/57 MP: 5/5
  3371 | D:4      | Found a runed translucent gate.
  3371 | D:4      | Found a runed translucent gate.
  3371 | D:4      | Found a runed translucent gate.
  3376 | D:4      | Noticed PaxSuburbia's ghost (novice PaFi)
  3389 | D:4      | Reached skill level 5 in Armour
  3435 | D:4      | Slain by PaxSuburbia's ghost

Illustrated notes

Levels and vault maps discovered:
D:1:      wander_arrival_abandoned_jail, layout_loops_cross, serial_shops, shop,
          shop, shop_coins, shop, shapermc_ecumenical_altar_hornbeckon,
          minmay_misc_feat_ornament
D:2:      layout_loops_ring, minmay_vboxes, uniq_natasha
D:3:      layout_loops_ring, chequers_temple_overflow_minitemple, serial_shops,
          nicolae_shop_statue_plus
D:4:      layout_cave_pools, ebering_ghost_rock_garden, corner_web_ring,
          uniq_pikel, uniq_blork_the_orc, uniq_crazy_yiuf_cottage, uniq_ijyb

Skill      XL: |  1  2  3  4  5  6 |
---------------+-------------------+-----
Fighting       | 4 5 |  5.8
Axes           | 4 5 |  5.8
Armour         | 3 4 5 |  5.0
Dodging        | |  2.1

Action                   |  1- 3 |  4- 6 || total
-------------------------+-------+-------++-------
Melee: Hand axe          |    63 |    78 ||   141
       Headbutt          |     9 |    19 ||    28
       War axe           |       |    32 ||    32
Invok: Berserk           |     1 |     4 ||     5
  Use: Scroll            |     2 |     3 ||     5
Armor: Ring mail         |    18 |    31 ||    49
Dodge: Dodged            |    38 |    64 ||   102
